Map: [ESL] Cosmic Sapphire

Players

milkicow - Winner!

  • Race: Terran Terran
  • Spawn Location: 11:00

ArT

  • Race: Protoss Protoss
  • Spawn Location: 5:00

Event: DreamHack SC2 Masters 2022 Atlanta (Online)

VOD

Have the link to the VOD?

Description

Time

  • Played on: Oct. 4, 2022, 11:19 a.m.
  • Length: 30:02

All games in this series

Show
View Real Time Build Order
Export as new Build Order

milkicow Terran - Winner!

Build Orders:  

Get SALT Encoding   

  12  0:00  SCV  
  13  0:12  SCV  
  14  0:18  Supply Depot  
  14  0:24  SCV  
  15  0:40  SCV  
  15  0:42  Barracks  
  16  0:43  Refinery  
  16  0:52  SCV  
  16  0:53  Refinery  
  17  1:04  SCV  
  18  1:16  SCV  
  19  1:29  Reaper, Orbital Command  
  19  1:30  Supply Depot  
  20  1:41  Factory  
  20  1:54  SCV  
  21  2:01  Barracks Reactor  
  21  2:06  SCV  
  22  2:18  SCV, Command Center  
  23  2:25  Hellion  
  25  2:33  Starport  
  25  2:37  Supply Depot  
  25  2:38  Marine  
  25  2:42  Marine  
  27  2:47  SCV  
  27  2:51  Widow Mine  
  30  2:56  Marine  
  31  2:59  SCV  
  31  3:00  Marine  
  33  3:11  Medivac  
  35  3:14  SCV  
  35  3:17  Widow Mine  
  37  3:26  SCV  
  38  3:27  Marine  
  39  3:42  SCV  
  39  3:43  Orbital Command  
  39  3:54  SCV  
  39  3:55  Bunker, Widow Mine x2  
  44  3:59  Armory  
  44  4:06  SCV  
  44  4:08  Medivac  
  44  4:09  SCV  
  46  4:13  Supply Depot  
  46  4:16  Barracks Tech Lab  
  46  4:18  SCV  
  46  4:19  Widow Mine  
  46  4:21  SCV  
  50  4:27  Supply Depot  
  50  4:30  SCV  
  53  4:31  Widow Mine  
  53  4:33  SCV  
  53  4:37  Stimpack  
  54  4:42  SCV, Widow Mine  
  57  4:45  SCV  
  57  4:48  Supply Depot  
  58  4:54  SCV  
  58  4:57  Command Center  
  58  4:58  SCV  
  58  4:59  Widow Mine  
  62  5:04  Medivac  
  62  5:07  SCV  
  65  5:10  SCV  
  65  5:13  Widow Mine  
  68  5:19  SCV  
  63  5:22  SCV  
  63  5:23  Supply Depot  
  63  5:24  Barracks  
  63  5:25  Barracks, Widow Mine  
  66  5:31  SCV  
  66  5:32  Engineering Bay  
  66  5:33  Engineering Bay  
  66  5:34  SCV  
  66  5:39  Starport Reactor  
  66  5:40  Widow Mine  
  66  5:42  Refinery  
  66  5:43  SCV  
  66  5:45  Refinery  
  66  5:46  Marine  
  66  5:47  SCV  
  71  5:50  Widow Mine  
  71  5:51  Supply Depot  
  71  5:55  SCV  
  72  5:59  SCV  
  72  6:00  Terran Infantry Weapons Level 1  
  73  6:06  Widow Mine  
  73  6:07  SCV  
  73  6:09  Marine  
  72  6:14  SCV  
  72  6:15  Widow Mine  
  72  6:16  Barracks Reactor x2, Orbital Command  
  70  6:19  Barracks  
  70  6:20  SCV  
  70  6:22  Terran Infantry Armor Level 1  
  71  6:29  Widow Mine, Marine  
  71  6:30  SCV  
  75  6:35  Barracks  
  75  6:38  SCV  
  78  6:40  Widow Mine  
  78  6:41  Orbital Command  
  78  6:42  SCV  
  78  6:44  Ghost Academy, Medivac  
  81  6:50  SCV  
  81  6:51  Medivac  
  81  6:53  Supply Depot, Marauder, Marine  
  85  6:54  SCV  
  85  7:01  Marine  
  87  7:02  SCV  
  86  7:09  SCV, Marine  
  86  7:10  SCV  
  86  7:14  Marine x2  
  86  7:15  Marauder  
  94  7:17  SCV, Barracks Tech Lab  
  94  7:18  Supply Depot  
  94  7:21  SCV  
  94  7:22  SCV  
  96  7:25  Marine  
  95  7:35  Marine  
  95  7:36  SCV, Marauder, Marine  
  100  7:37  Widow Mine x2, Marauder  
  100  7:38  Barracks Tech Lab  
  100  7:39  SCV x2  
  100  7:40  Supply Depot  
  106  7:47  Marine  
  106  7:48  SCV, Combat Shield  
  106  7:49  Concussive Shells  
  106  7:51  SCV x2  
  106  7:53  Marine x2  
  106  7:56  Medivac x2  
  106  7:57  Marauder, Marine  
  117  8:02  SCV, Marauder  
  117  8:03  SCV  
  117  8:04  Supply Depot x2, Widow Mine x2  
  125  8:15  Supply Depot, Command Center  
  125  8:16  Supply Depot  
  125  8:20  Terran Infantry Weapons Level 2  
  125  8:25  SCV x2, Marine x2  
  125  8:26  Marauder x2  
  133  8:28  SCV  
  133  8:30  Ghost  
  135  8:36  Marine  
  128  8:45  Marine x2  
  128  8:46  SCV, Ghost  
  128  8:47  SCV, Marauder  
  129  8:49  Marine  
  129  8:50  Barracks, Widow Mine x2  
  129  8:51  Barracks  
  129  8:52  Refinery  
  129  8:53  Refinery, Barracks  
  129  8:54  Supply Depot x2, SCV  
  135  8:58  SCV  
  135  8:59  SCV  
  135  9:01  Marine  
  139  9:02  Viking  
  139  9:04  Viking  
  139  9:08  SCV, Marauder  
  144  9:12  Bunker  
  144  9:14  Missile Turret, Marauder, Marine  
  144  9:15  Marauder  
  144  9:16  Supply Depot  
  149  9:17  Marine  
  149  9:19  Supply Depot  
  149  9:21  Marine  
  149  9:23  SCV x2  
  149  9:27  Marine  
  149  9:30  Marauder  
  152  9:32  Widow Mine x2, Marine  
  152  9:33  Terran Infantry Armor Level 2  
  152  9:36  Marauder  
  152  9:37  Marauder  
  161  9:38  Marine  
  161  9:41  Medivac  
  161  9:42  Medivac  
  161  9:43  SCV  
  161  9:45  SCV  
  168  9:48  Marine  
  168  9:49  SCV  
  168  9:51  Marauder  
  172  9:54  Marine  
  172  9:55  Marine  
  172  9:56  Barracks Tech Lab x3  
  172  9:57  Marauder  
  172  9:58  Marauder  
  172  9:59  Planetary Fortress  
  178  10:01  Marine  
  178  10:06  Marine  
  180  10:11  Terran Ship Weapons Level 1  
  180  10:12  Marauder, Marine  
  180  10:14  Marine  
  183  10:18  Marauder, Marine  
  183  10:19  Marauder  
  183  10:20  Marauder, Marine  
  183  10:21  Marauder  
  193  10:22  Viking  
  195  10:31  Marine  
  195  10:34  Marauder  
  195  10:35  Marine  
  197  10:36  Marauder, Marine  
  200  10:44  Command Center  
  198  10:52  Marine  
  198  10:55  Marine x2  
  200  11:02  Ghost x2  
  200  11:05  Ghost  
  200  11:06  Ghost  
  200  11:12  Refinery  
  200  11:13  Refinery  
  200  11:14  Command Center x2  
  200  11:15  Command Center  
  200  11:28  Ghost  
  199  11:36  Marine  
  199  11:37  Marauder  
  199  11:39  Marauder, Marine x2  
  200  11:40  Marauder  
  200  11:44  Terran Infantry Weapons Level 3  
  200  11:52  Marauder, Marine  
  200  11:53  SCV  
  184  11:54  Marine  
  184  11:55  SCV, Marauder  
  184  11:56  Widow Mine x2, Marine  
  184  11:57  Marine  
  184  11:58  Marauder, Marine  
  180  12:05  Marine  
  180  12:06  Marauder  
  180  12:08  Viking x2  
  183  12:09  Marine  
  183  12:12  Fusion Core, Marine  
  183  12:13  SCV  
  183  12:14  Starport, Marauder, Marine  
  189  12:15  Terran Ship Weapons Level 2  
  189  12:16  Terran Infantry Armor Level 3, Marauder x2  
  189  12:20  Marauder, Marine  
  189  12:21  SCV  
  197  12:23  Marauder  
  197  12:26  Marine  
  195  12:30  Marine  
  195  12:31  Planetary Fortress  
  195  12:33  Orbital Command  
  195  12:34  Orbital Command  
  195  12:35  Marauder  
  195  12:36  Missile Turret  
  198  12:40  Marauder  
  196  12:54  Marine  
  196  12:55  Marauder x2, Marine  
  196  12:56  Marauder, Marine  
  196  12:58  Marauder, Marine  
  190  13:02  Marauder, Marine  
  164  13:07  SCV  
  164  13:09  SCV  
  164  13:11  Advanced Ballistics  
  164  13:12  Marine x2  
  165  13:14  Marine  
  165  13:16  Marauder, Marine  
  165  13:17  Marauder  
  165  13:18  Marauder  
  165  13:19  Marine x2  
  165  13:23  Ghost  
  161  13:30  Marine x2  
  161  13:32  Command Center  
  163  13:37  Ghost x3  
  163  13:38  Liberator x2  
  163  13:39  Missile Turret  
  175  13:43  Liberator  
  175  13:46  Missile Turret, Widow Mine  
  175  13:48  Liberator  
  183  13:54  Ghost  
  185  13:56  Ghost  
  185  13:58  Marine  
  185  13:59  Marauder  
  190  14:11  Enhanced Shockwaves  
  190  14:12  Marine  
  190  14:13  Marauder  
  193  14:17  Marine  
  193  14:21  Liberator  
  193  14:22  Command Center  
  197  14:27  Liberator  
  188  14:40  Marauder, Marine  
  188  14:43  Liberator x2, Marine  
  188  14:44  Marauder  
  196  14:59  Marine x2  
  182  15:00  Marine x2  
  182  15:02  Marauder, Marine  
  182  15:04  Liberator  
  190  15:08  Command Center  
  190  15:09  Hi-Sec Auto Tracking, Neosteel Armor  
  190  15:10  Liberator  
  190  15:11  Terran Vehicle And Ship Armor Level 1  
  193  15:17  Orbital Command  
  193  15:20  Command Center  
  193  15:25  Liberator, Marine  
  193  15:26  Marine  
  183  15:30  Marine x2  
  183  15:31  Marine x2  
  183  15:33  Marine  
  183  15:35  Marine x2  
  183  15:39  Marauder  
  185  15:43  Marine x2  
  185  15:48  Marine x2  
  185  15:49  Marauder  
  186  15:50  Liberator, Marauder  
  186  15:51  Marauder  
  186  15:53  Marauder  
  193  15:59  Liberator  
  193  16:03  Orbital Command  
  196  16:05  Missile Turret  
  196  16:07  Refinery  
  196  16:08  Refinery  
  195  16:15  Starport x2  
  195  16:19  Planetary Fortress  
  195  16:21  Orbital Command  
  195  16:22  Liberator  
  197  16:25  Sensor Tower  
  197  16:26  Unknown  
  189  16:34  Marine  
  189  16:35  Marauder, Marine  
  189  16:36  Marauder, Marine x2  
  189  16:37  Marauder, Marine x3  
  144  16:42  Medivac  
  144  16:46  Liberator  
  133  16:49  Liberator  
  133  16:52  Marine x2  
  133  16:54  Marine x2  
  132  16:55  Marauder, Marine x2, Ghost  
  132  16:57  Liberator x2, Marine  
  132  16:59  Marauder  
  149  17:10  Marine x2  
  149  17:11  Marine  
  149  17:12  Ghost x2  
  156  17:19  Sensor Tower, Ghost  
  156  17:22  Marauder, Marine  
  161  17:24  Marine  
  161  17:25  Marauder  
  161  17:28  Marine x2  
  161  17:29  Marine  
  167  17:34  Medivac  
  168  17:41  Ghost  
  168  17:43  Ghost  
  171  17:45  Ghost  
  167  17:53  Ghost  
  167  17:54  Marine  
  162  18:02  Orbital Command  
  162  18:06  Orbital Command  
  162  18:16  Viking x4  
  162  18:17  Viking x2  
  174  18:22  Orbital Command  
  174  18:23  Marine x2  
  173  18:28  Marine  
  173  18:30  Marine x2  
  173  18:31  Marine  
  173  18:33  SCV  
  163  18:42  Ghost  
  163  18:43  Ghost  
  163  18:44  Orbital Command, Marauder, Marine x2  
  163  18:45  Marauder  
  163  18:46  Viking x4  
  178  18:49  Medivac x2  
  178  18:53  Missile Turret, Marine  
  173  19:03  SCV  
  173  19:07  Marine  
  173  19:08  Marauder  
  161  19:15  Marine  
  161  19:16  Marauder, Marine  
  161  19:17  Marauder x2, Marine x2  
  149  19:18  Marauder  
  145  19:25  Liberator, Marine  
  145  19:26  Liberator  
  145  19:27  Liberator  
  145  19:28  SCV  
  145  19:29  Marauder  
  158  19:37  Marine  
  158  19:38  Marauder  
  163  19:40  Liberator  
  163  19:45  Marauder, Marine  
  166  19:46  SCV  
  166  19:50  Orbital Command  
  166  19:53  Liberator  
  166  19:57  Marauder, Marine  
  166  19:58  Marauder, Marine  
  175  20:00  Marine  
  170  20:09  Marauder, Marine x2  
  169  20:15  Liberator x2  
  169  20:16  Marine  
  169  20:18  SCV  
  176  20:30  Marauder, Marine  
  175  20:48  Marine  
  175  20:49  Marauder  
  166  20:51  Marine  
  166  20:53  Marauder, Marine x2  
  166  20:55  Liberator  
  168  21:02  Viking  
  170  21:04  Viking  
  170  21:09  Viking  
  174  21:28  Marauder  
  174  21:31  Command Center  
  174  21:32  Missile Turret  
  176  21:34  Sensor Tower  
  174  21:42  Personal Cloaking  
  174  21:50  Viking  
  174  21:51  Viking x4  
  183  22:02  Marauder, Marine  
  183  22:07  Orbital Command  
  182  22:08  Orbital Command  
  176  22:26  SCV  
  176  22:28  SCV  
  177  22:33  Missile Turret  
  177  22:34  Sensor Tower  
  177  22:35  Missile Turret  
  177  22:36  SCV, Marauder, Marine  
  181  22:42  Viking x2  
  181  22:43  Viking x2  
  181  22:44  Viking  
  191  22:53  Viking  
  193  23:12  Viking x2  
  185  23:47  Orbital Command  
  180  23:55  Marine  
  180  23:56  Marauder  
  183  24:09  Missile Turret  
  182  24:12  Viking x2  
  182  24:13  Viking x3  
  192  24:17  Viking  
  187  24:42  Viking  
  189  24:46  Medivac x2, Marine  
  180  25:07  Marine  
  180  25:08  Marauder  
  174  25:40  Liberator  
  174  25:41  Liberator x4  
  174  25:42  Viking  
  180  25:52  Marauder, Marine  
  181  25:59  Marine  
  181  26:00  Marauder  
  181  26:01  SCV, Marine  
  135  26:19  Marauder, Marine  
  135  26:20  Marine x2  
  135  26:21  Marauder  
  140  26:27  SCV  
  143  26:38  Marine  
  142  27:14  Marine  
  142  27:15  Marauder  
  145  27:17  Medivac  
  145  27:28  Ghost  
  142  27:46  Ghost  
  142  27:47  Ghost  
  130  27:53  Marauder  
  129  28:00  SCV  
  122  28:10  Marine  
  119  28:20  Marine  
  113  28:35  Orbital Command  
  113  29:04  Ghost  
  115  29:12  Ghost  
  115  29:20  Ghost  
Show
View Real Time Build Order
Export as new Build Order

ArT Protoss 

Build Orders: 1 Gate Expand, Phoenix Opening, Carriers, Colossus Rush 

Get SALT Encoding   

  12  0:00  Probe  
  13  0:12  Probe  
  14  0:20  Pylon  
  14  0:24  Probe  
  15  0:38  Probe (Chrono Boost)  
  15  0:39  Gateway  
  16  0:47  Probe (Chrono Boost), Assimilator  
  17  0:52  Probe  
  18  1:04  Probe  
  19  1:16  Probe  
  20  1:27  Cybernetics Core  
  20  1:35  Nexus  
  20  1:39  Probe  
  21  1:45  Pylon  
  21  1:51  Probe  
  22  1:54  Assimilator  
  22  2:01  Adept (Chrono Boost)  
  22  2:08  Shield Battery  
  24  2:09  Probe  
  25  2:20  Stargate  
  25  2:25  Adept (Chrono Boost)  
  27  2:30  Probe  
  27  2:34  Warp Gate  
  28  2:42  Probe  
  29  2:46  Adept  
  31  2:52  Probe  
  31  2:56  Probe  
  33  3:05  Phoenix (Chrono Boost), Probe  
  34  3:08  Probe  
  37  3:16  Adept  
  37  3:17  Probe  
  40  3:22  Probe  
  40  3:26  Phoenix  
  41  3:29  Probe  
  42  3:38  Probe  
  43  3:41  Probe  
  43  3:44  Pylon  
  43  3:47  Robotics Facility  
  44  3:50  Probe  
  44  3:53  Probe  
  44  3:54  Assimilator  
  46  4:02  Phoenix (Chrono Boost), Probe, Pylon  
  49  4:07  Probe  
  48  4:10  Assimilator  
  48  4:14  Probe  
  49  4:18  Phoenix (Chrono Boost)  
  49  4:23  Probe  
  52  4:24  Forge  
  52  4:27  Probe  
  52  4:29  Adept  
  55  4:34  Pylon  
  55  4:35  Probe  
  55  4:36  Observer  
  57  4:39  Probe  
  57  4:44  Phoenix, Pylon  
  58  4:47  Probe  
  61  5:04  Robotics Bay  
  61  5:07  Nexus  
  61  5:14  Probe  
  62  5:15  Protoss Ground Weapons Level 1, Probe  
  55  5:22  Phoenix (Chrono Boost)  
  55  5:26  Pylon  
  57  5:30  Photon Cannon  
  57  5:32  Probe (Chrono Boost)  
  57  5:35  Probe (Chrono Boost)  
  60  5:43  Colossus  
  60  5:44  Probe (Chrono Boost)  
  60  5:45  Probe (Chrono Boost)  
  60  5:49  Probe (Chrono Boost)  
  61  5:50  Probe (Chrono Boost)  
  69  5:59  Extended Thermal Lance  
  69  6:00  Probe  
  70  6:07  Probe  
  71  6:12  Probe (Chrono Boost)  
  71  6:15  Twilight Council  
  72  6:19  Probe (Chrono Boost)  
  72  6:24  Probe (Chrono Boost)  
  72  6:25  Probe (Chrono Boost)  
  75  6:27  Gateway  
  75  6:30  Probe (Chrono Boost)  
  77  6:33  Probe x2 (Chrono Boost)  
  77  6:34  Colossus  
  77  6:39  Sentry  
  86  6:41  Probe  
  86  6:42  Gateway  
  87  6:48  Probe x2  
  87  6:53  Charge  
  89  6:55  Gateway  
  89  6:56  Probe  
  89  7:00  Probe x2  
  89  7:01  Pylon  
  84  7:03  Photon Cannon  
  84  7:08  Probe  
  84  7:12  Zealot, Probe x2  
  89  7:21  Probe (Chrono Boost)  
  90  7:25  Colossus (Chrono Boost), Protoss Ground Weapons Level 2 (Chrono Boost)  
  90  7:26  Probe (Chrono Boost)  
  90  7:28  Probe (Chrono Boost)  
  94  7:38  Shield Battery  
  94  7:39  Probe (Chrono Boost)  
  94  7:40  Probe (Chrono Boost)  
  94  7:41  Probe (Chrono Boost)  
  94  7:43  Pylon  
  94  7:44  Photon Cannon  
  95  7:45  Probe x2 (Chrono Boost)  
  97  7:53  Probe  
  97  7:56  Sentry, Pylon  
  100  8:00  Probe  
  100  8:02  Assimilator  
  101  8:09  Probe  
  102  8:13  Probe  
  102  8:14  Probe  
  102  8:17  Nexus  
  104  8:20  Templar Archives, Pylon  
  104  8:21  Observer (Chrono Boost), Probe  
  104  8:24  Pylon  
  106  8:29  Zealot x4  
  112  8:40  Probe (Chrono Boost)  
  108  8:45  Probe (Chrono Boost)  
  108  8:46  Probe (Chrono Boost), Photon Cannon  
  98  8:49  Warp Prism (Chrono Boost)  
  98  8:50  Blink (Chrono Boost)  
  98  8:51  Probe (Chrono Boost)  
  98  8:53  Probe (Chrono Boost)  
  98  8:54  Probe (Chrono Boost)  
  103  9:02  High Templar  
  103  9:03  High Templar x3  
  103  9:05  Gateway  
  103  9:07  Archon, Gateway  
  103  9:08  Archon  
  111  9:10  Probe x2  
  111  9:12  Gateway  
  113  9:18  Probe  
  115  9:25  Immortal (Chrono Boost)  
  116  9:32  Gateway, Pylon  
  116  9:35  Shield Battery  
  116  9:37  Zealot  
  116  9:38  Zealot x3  
  123  9:42  Robotics Facility, Protoss Ground Weapons Level 3 (Chrono Boost), Probe  
  123  9:43  Probe  
  125  9:47  Probe  
  125  9:49  Probe  
  127  9:54  Pylon  
  127  9:55  Probe x2  
  127  9:58  Forge  
  129  10:04  Zealot  
  131  10:10  Probe x2  
  131  10:12  Probe  
  131  10:14  Assimilator x2, Pylon  
  133  10:18  Zealot  
  133  10:19  Assimilator  
  133  10:20  High Templar x4  
  143  10:21  Pylon  
  143  10:24  Archon x2  
  143  10:25  Stalker  
  141  10:33  Zealot x2  
  142  10:41  Probe  
  142  10:42  Probe  
  142  10:44  Probe, Assimilator  
  143  10:54  Zealot x6  
  143  10:56  Pylon  
  147  11:01  Probe x2  
  149  11:09  Disruptor x2  
  155  11:12  Dark Shrine  
  155  11:13  Probe  
  155  11:16  Zealot x2  
  160  11:32  Probe  
  135  11:43  Disruptor (Chrono Boost), Zealot x6  
  135  11:44  Zealot  
  142  12:00  Photon Cannon  
  126  12:05  Photon Cannon x2  
  124  12:08  Stalker x3  
  124  12:09  Stalker x4  
  124  12:12  Immortal (Chrono Boost), Probe  
  147  12:16  Probe x2  
  147  12:19  Probe  
  147  12:21  Protoss Ground Armor Level 1 (Chrono Boost)  
  150  12:25  Immortal (Chrono Boost)  
  150  12:27  Shadow Stride  
  150  12:32  Zealot, Pylon  
  150  12:33  Zealot x6  
  150  12:36  Observer (Chrono Boost)  
  164  12:37  Gateway  
  164  12:39  Protoss Shields Level 1 (Chrono Boost)  
  164  12:40  Gateway  
  165  12:47  Fleet Beacon  
  165  12:56  Zealot x6  
  160  13:05  Warp Prism (Chrono Boost)  
  148  13:12  Stalker  
  155  13:15  Disruptor (Chrono Boost)  
  149  13:22  Carrier (Chrono Boost)  
  149  13:25  Nexus  
  139  13:28  Zealot x3  
  139  13:29  Zealot x3, Gateway  
  139  13:31  Pylon  
  139  13:33  Stargate  
  157  13:43  Observer (Chrono Boost)  
  158  13:49  Observer  
  158  13:50  Protoss Air Weapons Level 1  
  158  13:52  Zealot  
  158  13:54  Stalker  
  162  13:55  High Templar  
  162  13:56  High Templar  
  162  13:57  Zealot x3  
  162  13:58  Zealot x2  
  162  14:00  Archon  
  180  14:08  Photon Cannon  
  180  14:09  Immortal (Chrono Boost)  
  178  14:10  Photon Cannon  
  178  14:11  Shield Battery  
  178  14:15  Pylon  
  178  14:17  Protoss Ground Armor Level 2 (Chrono Boost), Carrier (Chrono Boost)  
  178  14:19  Probe  
  177  14:39  Zealot x6  
  177  14:42  Zealot x4  
  190  14:51  Carrier (Chrono Boost)  
  165  15:00  Stalker x2  
  165  15:01  Probe, Stalker  
  170  15:13  Disruptor (Chrono Boost)  
  176  15:16  Carrier (Chrono Boost)  
  176  15:20  Dark Templar  
  184  15:22  Zealot x2  
  184  15:23  Disruptor (Chrono Boost), Zealot x3, Stalker  
  188  15:30  Stalker x2  
  188  15:33  Stalker  
  186  15:47  Zealot x5  
  190  15:51  Shield Battery  
  190  15:52  Assimilator x2  
  190  15:58  Carrier (Chrono Boost)  
  194  16:11  Sentry  
  196  16:13  High Templar x2  
  196  16:18  Archon  
  200  16:25  Protoss Air Weapons Level 2 (Chrono Boost)  
  200  16:30  Nexus  
  149  16:43  Stalker x6  
  157  16:52  Zealot x2, Protoss Shields Level 2 (Chrono Boost)  
  159  17:04  Disruptor (Chrono Boost)  
  165  17:10  Observer  
  165  17:13  Observer  
  165  17:14  Disruptor (Chrono Boost)  
  165  17:18  Pylon  
  165  17:19  Dark Templar  
  167  17:27  Psionic Storm  
  167  17:28  High Templar x4  
  167  17:29  Zealot x4  
  183  17:35  Archon  
  183  17:43  Shield Battery  
  180  17:44  Shield Battery  
  180  17:46  Photon Cannon  
  180  17:50  Archon  
  172  17:59  Probe x2  
  172  18:04  Photon Cannon  
  172  18:05  Observer (Chrono Boost), Pylon  
  176  18:15  Observer (Chrono Boost)  
  176  18:16  Tempest (Chrono Boost)  
  184  18:26  Tempest (Chrono Boost)  
  179  18:34  Assimilator  
  179  18:36  Dark Templar x4  
  179  18:37  Stalker x5  
  195  18:42  Probe  
  195  18:46  Assimilator  
  196  18:49  Protoss Ground Armor Level 3 (Chrono Boost)  
  177  19:28  Carrier x2 (Chrono Boost)  
  177  19:29  Stalker x4  
  197  19:40  Observer  
  197  19:42  Protoss Shields Level 3 (Chrono Boost), Zealot  
  197  19:43  Nexus  
  199  19:50  Pylon  
  199  19:52  Unknown  
  199  19:56  Protoss Air Weapons Level 3 (Chrono Boost)  
  190  20:21  Disruptor  
  189  20:23  High Templar  
  192  20:41  Observer  
  184  20:47  Nexus  
  166  20:53  Zealot x6  
  166  20:54  Stalker x2  
  166  20:56  Observer  
  182  21:09  Pylon  
  182  21:18  Nexus  
  182  21:21  Pylon  
  182  21:23  Unknown  
  182  21:27  Carrier x2 (Chrono Boost)  
  191  21:43  Zealot x3, Dark Templar  
  196  21:55  Unknown  
  196  22:00  Stalker x4  
  198  22:15  Pylon  
  196  22:16  Probe  
  191  22:34  Assimilator  
  189  22:43  Nexus  
  187  22:45  Shield Battery  
  187  22:46  Shield Battery  
  187  22:47  High Templar  
  187  22:49  Protoss Air Armor Level 1 (Chrono Boost), Photon Cannon x2  
  187  22:50  Photon Cannon  
  189  22:51  Photon Cannon  
  189  22:54  Pylon  
  187  23:01  Shield Battery  
  187  23:02  Shield Battery  
  187  23:03  Dark Templar  
  187  23:04  Dark Templar, Photon Cannon  
  183  23:06  Photon Cannon, Stalker x2  
  183  23:07  Stalker x3  
  183  23:10  Pylon  
  164  23:50  Zealot x7  
  164  23:51  Zealot  
  164  23:54  Observer  
  168  24:02  Tempest x2 (Chrono Boost)  
  168  24:08  Disruptor (Chrono Boost)  
  176  24:21  High Templar  
  178  24:26  Nexus  
  178  24:30  Observer  
  177  24:44  Stalker x7  
  187  24:51  Pylon  
  183  25:02  Stalker  
  173  25:21  Tempest  
  171  25:28  Dark Templar  
  168  25:36  Zealot x3, Stalker x4  
  168  25:40  Shield Battery  
  168  25:42  Assimilator  
  157  26:08  Probe  
  124  26:23  Zealot  
  124  26:24  Zealot x6  
  121  26:26  Cybernetics Core  
  120  26:46  Observer  
  120  27:03  Stalker x7  
  132  27:30  High Templar  
  132  27:31  Stalker x2, High Templar x4  
  132  27:36  Archon x3  
  128  27:44  Pylon  
  128  27:46  Nexus  
  118  28:03  High Templar x4  
  126  28:05  Gateway  
  126  28:11  Archon, Gateway  
  126  28:12  Archon  
  126  28:25  Pylon  
  126  28:26  Pylon  
  126  28:28  Pylon  
  126  28:48  Cybernetics Core  
  126  28:54  Cybernetics Core  
  123  29:08  Assimilator  
  121  29:43  Zealot  
Tags
 
Add a new tag
Caveats
  • Supply blocks, unpowered buildings, or Contaminate may cause inaccurate times.
  • Supply counts are checked every 10 seconds.